Map: Sequencer LE

Players

Ziggy - Winner!

  • Race: Terran Terran
  • Spawn Location: 1:00

ShaDoWn

  • Race: Protoss Protoss
  • Spawn Location: 7:00

Event: WCS Jonkoping 2017

VOD

Have the link to the VOD?

Description

Time

  • Played on: June 17, 2017, 7:19 a.m.
  • Length: 11:36

All games in this series

Show
View Real Time Build Order
Export as new Build Order

Ziggy Terran - Winner!

Build Orders: MMM Bio 

Get SALT Encoding   

  12  0:00  SCV  
  13  0:12  SCV  
  14  0:17  Supply Depot  
  14  0:24  SCV  
  15  0:39  SCV, Barracks  
  16  0:44  Refinery  
  16  0:51  SCV  
  17  1:01  Barracks  
  18  1:04  SCV  
  18  1:16  SCV  
  19  1:27  Reaper  
  19  1:28  Orbital Command  
  20  1:37  Supply Depot  
  20  1:48  Reaper  
  21  1:54  SCV  
  22  2:04  Reaper  
  22  2:06  SCV  
  24  2:13  Command Center  
  24  2:18  SCV  
  24  2:21  Refinery  
  25  2:30  SCV, Engineering Bay  
  26  2:39  Barracks Reactor  
  26  2:42  SCV  
  27  2:45  Barracks Tech Lab  
  27  2:55  SCV  
  28  3:00  Missile Turret  
  28  3:04  Marine  
  29  3:05  Barracks  
  29  3:07  SCV  
  29  3:08  Missile Turret  
  30  3:16  Marine  
  31  3:25  Marine x2  
  33  3:31  Orbital Command  
  33  3:33  Marine  
  33  3:42  Marine x2  
  33  3:43  Stimpack  
  33  3:44  SCV  
  36  3:51  Marine  
  37  3:56  Barracks Reactor, SCV  
  37  4:00  Marine x2  
  37  4:02  SCV, Factory  
  41  4:08  SCV  
  41  4:09  Marine  
  43  4:15  Supply Depot  
  43  4:18  Marine x2  
  43  4:19  SCV  
  44  4:25  SCV  
  44  4:27  Marine  
  44  4:29  Terran Infantry Weapons Level 1  
  44  4:30  Supply Depot  
  46  4:37  Marine x3, SCV x2  
  51  4:40  Supply Depot  
  51  4:47  Starport, Factory Reactor  
  51  4:49  SCV, Marine  
  51  4:50  Marine  
  50  4:58  Marine x2  
  50  5:00  SCV  
  50  5:01  SCV  
  52  5:08  Marine x2  
  52  5:11  Marauder  
  52  5:12  SCV  
  52  5:13  SCV  
  58  5:15  Marine  
  59  5:22  Supply Depot  
  59  5:25  SCV x2  
  59  5:26  Marine x2  
  59  5:27  Marine  
  64  5:31  Medivac  
  64  5:32  Marauder  
  64  5:33  Medivac  
  70  5:36  Factory Reactor  
  70  5:42  Command Center  
  70  5:46  Refinery  
  70  5:47  Combat Shields  
  70  5:49  Refinery  
  70  5:54  SCV x2  
  70  5:55  Marine x3  
  70  5:56  Marine  
  76  6:01  Medivac  
  78  6:08  Supply Depot  
  78  6:09  Medivac  
  78  6:11  SCV x2  
  82  6:14  Marine x4  
  86  6:28  Supply Depot  
  86  6:29  Widow Mine x2  
  86  6:30  Terran Infantry Armor Level 1, Marauder  
  86  6:32  SCV  
  93  6:34  SCV  
  94  6:49  Marine x2, Medivac  
  94  6:50  SCV x2  
  100  6:55  Orbital Command  
  100  7:00  Barracks  
  100  7:02  Barracks  
  100  7:07  Medivac  
  102  7:14  SCV  
  102  7:15  SCV  
  97  7:18  Marine x3  
  97  7:19  Marauder, Marine, Medivac  
  102  7:23  Factory Tech Lab  
  102  7:36  Marine x3  
  105  7:37  SCV  
  105  7:38  Barracks, Supply Depot  
  105  7:39  Barracks  
  105  7:40  Marauder, SCV  
  105  7:41  Orbital Command  
  109  7:48  Siege Tank  
  109  7:51  Missile Turret  
  112  7:52  Barracks Tech Lab  
  112  7:58  SCV, Armory  
  113  7:59  Marine  
  113  8:00  Barracks Tech Lab  
  113  8:02  SCV  
  113  8:05  Marine x2  
  117  8:10  SCV  
  117  8:12  Marauder, Marine x2  
  122  8:16  SCV x2  
  122  8:17  Marine  
  122  8:18  Marauder  
  122  8:21  Siege Tank  
  125  8:38  Marine x3, SCV, Supply Depot  
  125  8:39  Marauder, Supply Depot  
  125  8:40  SCV x2  
  129  8:43  Marine  
  129  8:44  Marauder, Marine  
  129  8:48  Marine x2  
  132  8:50  SCV  
  132  8:52  SCV  
  136  8:55  Engineering Bay  
  136  8:57  Terran Infantry Weapons Level 2  
  136  9:00  Marauder  
  136  9:02  Supply Depot  
  138  9:04  Marine x4  
  142  9:12  Marine x3  
  142  9:13  Marauder  
  147  9:21  Marauder  
  142  9:24  Marine x3  
  142  9:25  Marine  
  142  9:30  Marauder, Marine x2  
  149  9:33  Medivac  
  149  9:34  Marauder, Medivac  
  149  9:37  Supply Depot  
  148  9:42  Marine x3  
  148  9:44  Siege Tank  
  150  9:48  Marine x2  
  150  9:49  Marine x2  
  150  9:52  Marauder  
  156  9:54  Refinery  
  156  9:55  Marauder, Refinery  
  158  10:00  Marine x2  
  158  10:01  Marauder  
  158  10:06  Marine x3  
  158  10:07  Marine  
  165  10:09  Ghost Academy  
  165  10:13  Marauder  
  159  10:16  Siege Tank  
  159  10:17  Marauder  
  159  10:20  Medivac x2  
  159  10:21  Marine x3  
  168  10:24  Marine x2  
  172  10:29  Marine x2  
  172  10:34  Marauder  
  176  10:38  Marauder  
  176  10:41  Marine  
  176  10:42  Marauder  
  162  10:47  Marine x4  
  164  10:51  Marine  
  164  10:54  Command Center  
  164  10:56  Marauder  
  166  10:59  Marauder, Marine  
  166  11:00  Starport  
  166  11:01  Medivac x2  
  166  11:03  Marine  
  173  11:06  Marine x2  
  173  11:07  Marine  
Show
View Real Time Build Order
Export as new Build Order

ShaDoWn Protoss 

Build Orders: Oracle Opening 

Get SALT Encoding   

  12  0:01  Probe (Chrono Boost)  
  13  0:12  Probe (Chrono Boost)  
  14  0:17  Pylon  
  14  0:22  Probe (Chrono Boost)  
  16  0:35  Probe (Chrono Boost)  
  16  0:36  Gateway  
  16  0:42  Assimilator  
  16  0:46  Probe (Chrono Boost)  
  17  0:51  Assimilator  
  18  0:57  Probe (Chrono Boost)  
  18  1:07  Probe (Chrono Boost)  
  19  1:18  Probe (Chrono Boost)  
  20  1:23  Cybernetics Core  
  20  1:28  Probe (Chrono Boost)  
  21  1:33  Pylon  
  21  1:39  Probe (Chrono Boost)  
  22  1:49  Probe (Chrono Boost)  
  23  2:00  Probe (Chrono Boost), Stargate, Adept (Chrono Boost)  
  26  2:01  Warp Gate (Chrono Boost)  
  26  2:12  Probe  
  27  2:30  Nexus  
  27  2:36  Probe  
  27  2:42  Oracle (Chrono Boost)  
  29  2:51  Pylon  
  29  2:53  Probe  
  30  3:09  Mothership Core (Chrono Boost)  
  32  3:13  Oracle (Chrono Boost)  
  32  3:29  Probe (Chrono Boost)  
  31  3:40  Probe (Chrono Boost)  
  31  3:48  Twilight Council  
  31  3:50  Probe (Chrono Boost)  
  31  3:53  Probe (Chrono Boost)  
  32  4:01  Probe (Chrono Boost)  
  33  4:06  Probe (Chrono Boost)  
  33  4:07  Gateway  
  33  4:11  Probe (Chrono Boost)  
  33  4:16  Probe (Chrono Boost)  
  35  4:23  Probe (Chrono Boost)  
  36  4:27  Probe (Chrono Boost), Blink  
  37  4:33  Probe (Chrono Boost)  
  37  4:35  Stalker  
  37  4:37  Probe (Chrono Boost)  
  41  4:44  Probe (Chrono Boost)  
  42  4:48  Probe (Chrono Boost)  
  43  4:55  Probe (Chrono Boost)  
  43  4:58  Probe (Chrono Boost)  
  45  5:05  Probe (Chrono Boost)  
  46  5:09  Probe (Chrono Boost), Nexus  
  46  5:10  Stalker  
  49  5:16  Probe (Chrono Boost)  
  49  5:20  Probe (Chrono Boost), Stalker  
  53  5:22  Pylon  
  53  5:26  Probe (Chrono Boost)  
  54  5:35  Assimilator  
  54  5:37  Assimilator  
  54  5:40  Probe x2 (Chrono Boost), Stalker  
  58  5:43  Pylon  
  58  5:44  Stalker  
  60  5:50  Probe (Chrono Boost)  
  60  5:52  Probe (Chrono Boost)  
  62  6:00  Robotics Facility  
  62  6:01  Probe (Chrono Boost)  
  62  6:04  Sentry  
  65  6:10  Stalker  
  68  6:12  Probe (Chrono Boost)  
  68  6:15  Gateway  
  68  6:16  Gateway  
  68  6:24  Probe (Chrono Boost)  
  69  6:26  Probe (Chrono Boost)  
  69  6:27  Stalker  
  69  6:29  Probe (Chrono Boost)  
  73  6:33  Pylon  
  73  6:34  Charge  
  73  6:35  Probe (Chrono Boost)  
  73  6:37  Stalker  
  73  6:39  Probe (Chrono Boost)  
  77  6:43  Probe (Chrono Boost)  
  77  6:45  Probe (Chrono Boost)  
  79  6:50  Probe (Chrono Boost)  
  79  6:53  Observer, Probe (Chrono Boost)  
  82  6:56  Probe (Chrono Boost)  
  82  6:59  Robotics Bay  
  82  7:01  Probe (Chrono Boost)  
  84  7:04  Probe (Chrono Boost)  
  74  7:09  Probe (Chrono Boost)  
  74  7:11  Probe (Chrono Boost)  
  74  7:14  Probe (Chrono Boost)  
  73  7:20  Probe (Chrono Boost)  
  73  7:22  Probe (Chrono Boost), Immortal  
  79  7:25  Probe (Chrono Boost)  
  80  7:30  Probe (Chrono Boost)  
  80  7:33  Zealot x4  
  89  7:38  Probe (Chrono Boost)  
  89  7:39  Probe (Chrono Boost)  
  89  7:42  Pylon  
  89  7:43  Probe (Chrono Boost)  
  92  7:44  Pylon  
  92  7:48  Probe (Chrono Boost)  
  93  7:55  Gateway  
  93  7:56  Gateway  
  93  8:00  Sentry x2, Disruptor  
  100  8:05  Stalker  
  100  8:21  Probe x3 (Chrono Boost)  
  100  8:22  Extended Thermal Lance  
  100  8:24  Assimilator  
  100  8:26  Pylon, Assimilator  
  103  8:31  Probe (Chrono Boost)  
  104  8:36  Stalker  
  104  8:37  Zealot  
  104  8:41  Probe (Chrono Boost)  
  109  8:42  Pylon  
  109  8:43  Colossus (Chrono Boost)  
  115  8:54  Probe (Chrono Boost)  
  116  8:58  Gateway  
  116  9:00  Gateway  
  116  9:03  Forge  
  116  9:06  Forge  
  116  9:12  Zealot x4  
  120  9:43  Nexus  
  120  9:46  Pylon  
  120  9:47  Pylon  
  120  9:48  Pylon x2  
  120  9:54  Pylon  
  120  9:55  Pylon  
  122  10:07  Colossus (Chrono Boost)  
  122  10:22  Stalker x5  
  106  10:42  Nexus  
  106  10:43  Pylon  
  106  10:48  Sentry x6, Stalker  
  108  11:11  Zealot x2  
  108  11:12  Zealot x5  
  122  11:25  Gateway  
  85  11:33  Zealot x5  
Tags
 
Add a new tag
Caveats
  • Supply blocks, unpowered buildings, or Contaminate may cause inaccurate times.
  • Supply counts are checked every 10 seconds.